TOP OF THE 1ST |
Chicago (NYP) White Sox batting - Pitching for Aberdeen Ironbirds : LHP Freddy Gutierrez
|
Pitching: LHP Freddy Gutierrez
|
|
Batting: RHB Jeremy Hoffert
|
0-0: Called Strike 0-1: Ball 1-1: Ground out 6-3 (Groundball, 56, EV 106.3 MPH)
|
Batting: RHB Brad Boals
|
0-0: Ball 1-0: Ground out 6-3 (Groundball, 6MS, EV 91.3 MPH)
|
Batting: RHB Dusty Ballard
|
0-0: Swinging Strike 0-1: Ball 1-1: Swinging Strike 1-2: Strikes out swinging
|
Top of the 1st over - 0 runs, 0 hits, 0 errors, 0 left on base; Chicago (NYP) 0 - Aberdeen 0 |
BOTTOM OF THE 1ST |
Aberdeen Ironbirds batting - Pitching for Chicago (NYP) White Sox : LHP Jerry Woods
|
Pitching: LHP Jerry Woods
|
|
Batting: LHB Shane Free
|
0-0: Ball 1-0: Ball 2-0: Called Strike 2-1: Ball 3-1: Base on Balls
|
Batting: RHB Mario Luna
|
0-0: Ball 1-0: Ball 2-0: Fielders Choice at 2nd, 3-6 (Groundball, 13, EV 85.6 MPH)
|
Batting: LHB Tim Mulholland
|
0-0: Ball 1-0: Swinging Strike 1-1: Ball 2-1: Ball 3-1: Foul Ball, location: 2F 3-2: Foul Ball, location: 2F 3-2: Foul Ball, location: 2F 3-2: Foul Ball, location: 2F 3-2: Foul Ball, location: 2F 3-2: SINGLE (Groundball, 4MD, EV 96.3 MPH) Mario Luna to second
|
Batting: RHB Kiyuu del Castillo
|
0-0: Called Strike 0-1: Ball 1-1: Foul Ball, location: 2F 1-2: Ball 2-2: Fielders Choice at 2nd, 1-4 (Groundball, P, EV 65.0 MPH) Mario Luna to third
|
Batting: LHB David Best
|
0-0: Foul Ball, location: 2F 0-1: Foul Ball, location: 2F 0-2: Ground out 4-3 (Groundball, 4, EV 98.8 MPH)
|
Bottom of the 1st over - 0 runs, 1 hit, 0 errors, 2 left on base; Chicago (NYP) 0 - Aberdeen 0 |
TOP OF THE 2ND |
Chicago (NYP) White Sox batting - Pitching for Aberdeen Ironbirds : LHP Freddy Gutierrez
|
Batting: LHB Brandon Hopper
|
0-0: Ball 1-0: Called Strike 1-1: Called Strike 1-2: SINGLE (Flyball, 8LS, EV 88.1 MPH)
|
Batting: RHB Mitch Cuadros
|
0-0: Called Strike 0-1: Ball 1-1: Ball 2-1: Foul Ball, location: 2F 2-2: Strikes out swinging
|
Batting: RHB Jesse Loomis
|
0-0: Ball 1-0: Ball 2-0: Called Strike 2-1: Foul Ball, location: 2F 2-2: Ball 3-2: Foul Ball, location: 2F 3-2: Base on Balls Brandon Hopper to second
|
Batting: RHB Daniel Underhay
|
0-0: Ball 1-0: Ball 2-0: Called Strike 2-1: Fly out, F8 (Flyball, 8LXD, EV 108.1 MPH) Runner from 2nd tags up, SAFE at 3rd, no throw by CF
|
Batting: SHB Jason Bresnahan
|
0-0: Ball 1-0: Called Strike 1-1: Swinging Strike 1-2: Foul Ball, location: 2F 1-2: Fly out, F7 (Flyball, 7S, EV 88.1 MPH)
|
Top of the 2nd over - 0 runs, 1 hit, 0 errors, 2 left on base; Chicago (NYP) 0 - Aberdeen 0 |
BOTTOM OF THE 2ND |
Aberdeen Ironbirds batting - Pitching for Chicago (NYP) White Sox : LHP Jerry Woods
|
Batting: LHB Jose Bethancourt
|
0-0: Ball 1-0: Called Strike 1-1: Ball 2-1: Ground out 6-3 (Groundball, 6, EV 84.4 MPH)
|
Batting: RHB Lee Deason
|
0-0: Ball 1-0: Called Strike 1-1: Ground out 4-3 (Groundball, 4, EV 83.1 MPH)
|
Batting: RHB Ioan Biros
|
0-0: Fly out, F6 (Flyball, 56D, EV 84.4 MPH)
|
Bottom of the 2nd over - 0 runs, 0 hits, 0 errors, 0 left on base; Chicago (NYP) 0 - Aberdeen 0 |
TOP OF THE 3RD |
Chicago (NYP) White Sox batting - Pitching for Aberdeen Ironbirds : LHP Freddy Gutierrez
|
Batting: RHB David Laureano
|
0-0: Ball 1-0: Called Strike 1-1: Foul Ball, location: 2F 1-2: Strikes out swinging
|
Batting: RHB Jeremy Hoffert
|
0-0: Ball 1-0: Foul Ball, location: 2F 1-1: Foul Ball, location: 2F 1-2: Strikes out swinging
|
Batting: RHB Brad Boals
|
0-0: Ball 1-0: Ball 2-0: Foul Ball, location: 2F 2-1: Called Strike 2-2: Foul Ball, location: 2F 2-2: Strikes out swinging
|
Top of the 3rd over - 0 runs, 0 hits, 0 errors, 0 left on base; Chicago (NYP) 0 - Aberdeen 0 |
BOTTOM OF THE 3RD |
Aberdeen Ironbirds batting - Pitching for Chicago (NYP) White Sox : LHP Jerry Woods
|
Batting: LHB Rodolfo Montes
|
0-0: Foul Ball, location: 2F 0-1: Ball 1-1: Ground out U3 (Groundball, 3L, EV 90.6 MPH)
|
Batting: LHB Shane Free
|
0-0: Ball 1-0: Called Strike 1-1: SINGLE (Groundball, 34D, EV 102.5 MPH)
|
Batting: RHB Mario Luna
|
0-0: Ball Shane Free is caught stealing 2nd base 2-4 1-0: Ball 2-0: Ball 3-0: Called Strike 3-1: Base on Balls
|
Batting: LHB Tim Mulholland
|
0-0: Ball 1-0: Ball 2-0: Foul Ball, location: 2F 2-1: Foul Ball, location: 2F 2-2: Fly out, F8 (Line Drive, 8RM, EV 94.4 MPH)
|
Bottom of the 3rd over - 0 runs, 1 hit, 0 errors, 1 left on base; Chicago (NYP) 0 - Aberdeen 0 |
TOP OF THE 4TH |
Chicago (NYP) White Sox batting - Pitching for Aberdeen Ironbirds : LHP Freddy Gutierrez
|
Batting: RHB Dusty Ballard
|
0-0: Called Strike 0-1: Ball 1-1: Foul Ball, location: 2F 1-2: Foul Ball, location: 2F 1-2: Strikes out swinging
|
Batting: LHB Brandon Hopper
|
0-0: Called Strike 0-1: DOUBLE (Line Drive, 7LM, EV 96.3 MPH)
|
Batting: RHB Mitch Cuadros
|
0-0: Ball 1-0: SINGLE (Groundball, 4MD, EV 102.5 MPH) Brandon Hopper to third Runner from 3rd tries for Home, SAFE, throw by CF to home Mitch Cuadros to second
|
Batting: RHB Jesse Loomis
|
0-0: Ball 1-0: SINGLE (Groundball, 6MD, EV 101.3 MPH) Mitch Cuadros to third
|
Batting: RHB Daniel Underhay
|
0-0: Called Strike 0-1: Foul Ball, location: 2F 0-2: Ball 1-2: Strikes out looking
|
Batting: SHB Jason Bresnahan
|
0-0: Ball 1-0: Ground out 3-1 (Groundball, 34S, EV 82.5 MPH)
|
Top of the 4th over - 1 run, 3 hits, 0 errors, 2 left on base; Chicago (NYP) 1 - Aberdeen 0 |
BOTTOM OF THE 4TH |
Aberdeen Ironbirds batting - Pitching for Chicago (NYP) White Sox : LHP Jerry Woods
|
Batting: RHB Kiyuu del Castillo
|
0-0: Foul Ball, location: 2F 0-1: Ball 1-1: Ball 2-1: Ball 3-1: Foul Ball, location: 2F 3-2: Base on Balls
|
Batting: LHB David Best
|
0-0: Called Strike 0-1: Ball 1-1: Foul Ball, location: 2F 1-2: Fly out, F6 (Popup, 6MD, EV 66.3 MPH)
|
Batting: LHB Jose Bethancourt
|
0-0: Called Strike 0-1: Ball 1-1: Ball 2-1: SINGLE (Groundball, 6MD, EV 108.1 MPH) Kiyuu del Castillo to second Runner from 2nd tries for 3rd, SAFE, throw by CF made at trailing runner, OUT! 8-4
|
Batting: RHB Lee Deason
|
0-0: Fly out, F6 (Flyball, 6D, EV 95.6 MPH)
|
Bottom of the 4th over - 0 runs, 1 hit, 0 errors, 1 left on base; Chicago (NYP) 1 - Aberdeen 0 |
TOP OF THE 5TH |
Chicago (NYP) White Sox batting - Pitching for Aberdeen Ironbirds : LHP Freddy Gutierrez
|
Now in LF: Juan Estrada
|
|
Batting: RHB David Laureano
|
0-0: Foul Ball, location: 2F 0-1: Ball 1-1: Called Strike 1-2: Strikes out swinging, 2-3 out at first.
|
Batting: RHB Jeremy Hoffert
|
0-0: Fly out, F7 (Line Drive, 7, EV 86.3 MPH)
|
Batting: RHB Brad Boals
|
0-0: Called Strike 0-1: Swinging Strike 0-2: Ball 1-2: SINGLE (Line Drive, 8RS, EV 91.3 MPH)
|
Batting: RHB Dusty Ballard
|
0-0: Ball Brad Boals is caught stealing 2nd base 2-4
|
Top of the 5th over - 0 runs, 1 hit, 0 errors, 0 left on base; Chicago (NYP) 1 - Aberdeen 0 |
BOTTOM OF THE 5TH |
Aberdeen Ironbirds batting - Pitching for Chicago (NYP) White Sox : LHP Jerry Woods
|
Batting: RHB Ioan Biros
|
0-0: Ball 1-0: Ball 2-0: Ground out U3 (Groundball, 34, EV 101.9 MPH)
|
Batting: LHB Rodolfo Montes
|
0-0: Called Strike 0-1: Ball 1-1: Swinging Strike 1-2: Ball 2-2: Ball 3-2: Foul Ball, location: 2F 3-2: Foul Ball, location: 2F 3-2: Strikes out swinging
|
Batting: LHB Shane Free
|
0-0: Called Strike 0-1: Ball 1-1: Ball 2-1: Foul Ball, location: 2F 2-2: Ball 3-2: SINGLE (Groundball, 4MD, EV 88.8 MPH) (infield hit)
|
Batting: RHB Mario Luna
|
0-0: Called Strike 0-1: Ball 1-1: Ball 2-1: Foul Ball, location: 2F 2-2: Ground out 5-3 (Groundball, 56S, EV 85.6 MPH)
|
Bottom of the 5th over - 0 runs, 1 hit, 0 errors, 1 left on base; Chicago (NYP) 1 - Aberdeen 0 |
TOP OF THE 6TH |
Chicago (NYP) White Sox batting - Pitching for Aberdeen Ironbirds : LHP Freddy Gutierrez
|
Pitching: RHP Jon Juarez
|
|
Batting: RHB Dusty Ballard
|
0-0: Foul Ball, location: 2F 0-1: Ball 1-1: Ball 2-1: Ball 3-1: Fly out, F8 (Flyball, 8RXD, EV 101.9 MPH)
|
Pitching: LHP Roger Farley
|
|
Batting: LHB Brandon Hopper
|
0-0: Swinging Strike 0-1: Reached on error, E3 (Groundball, 3, EV 98.8 MPH)
|
Pitching: LHP Josh Binyon
|
|
Batting: RHB Mitch Cuadros
|
0-0: Swinging Strike 0-1: Ball 1-1: Foul Ball, location: 2F 1-2: Strikes out swinging
|
Batting: RHB Jesse Loomis
|
0-0: Swinging Strike 0-1: Ball 1-1: Ground out 4-3 (Groundball, 34, EV 87.5 MPH)
|
Top of the 6th over - 0 runs, 0 hits, 1 error, 1 left on base; Chicago (NYP) 1 - Aberdeen 0 |
BOTTOM OF THE 6TH |
Aberdeen Ironbirds batting - Pitching for Chicago (NYP) White Sox : LHP Jerry Woods
|
Pitching: LHP Wang Jing
|
|
Batting: LHB Tim Mulholland
|
0-0: Ball 1-0: Ball 2-0: Called Strike 2-1: Swinging Strike 2-2: Ball 3-2: Strikes out swinging
|
Batting: RHB Kiyuu del Castillo
|
0-0: Ball 1-0: Ball 2-0: Called Strike 2-1: Foul Ball, location: 2F 2-2: Foul Ball, location: 2F 2-2: Ball 3-2: Fly out, F7 (Flyball, 7LS, EV 87.5 MPH)
|
Batting: LHB David Best
|
0-0: Swinging Strike 0-1: Foul Ball, location: 2F 0-2: Strikes out swinging
|
Bottom of the 6th over - 0 runs, 0 hits, 0 errors, 0 left on base; Chicago (NYP) 1 - Aberdeen 0 |
TOP OF THE 7TH |
Chicago (NYP) White Sox batting - Pitching for Aberdeen Ironbirds : LHP Josh Binyon
|
Pitching: RHP Toshiyuki Funaki
|
|
Batting: RHB Daniel Underhay
|
0-0: Ball 1-0: DOUBLE (Line Drive, 9LS, EV 97.5 MPH)
|
Batting: SHB Jason Bresnahan
|
0-0: Intentional Walk
|
Batting: RHB David Laureano
|
0-0: Ball 1-0: Fielders Choice at 2nd, 5-4 (Groundball, 5S, EV 85.0 MPH) Daniel Underhay to third
|
Batting: RHB Jeremy Hoffert
|
0-0: Ball 1-0: Fly out, F7 (Flyball, 78D, EV 103.1 MPH) Runner from 3rd tags up, SCORES, throw by LF
|
Batting: RHB Brad Boals
|
0-0: Ball 1-0: Foul Ball, location: 2F 1-1: Fielders Choice at 2nd, 6-4 (Groundball, 6, EV 85.0 MPH)
|
Top of the 7th over - 1 run, 1 hit, 0 errors, 1 left on base; Chicago (NYP) 2 - Aberdeen 0 |
BOTTOM OF THE 7TH |
Aberdeen Ironbirds batting - Pitching for Chicago (NYP) White Sox : LHP Wang Jing
|
Batting: RHB Juan Estrada
|
0-0: Ball 1-0: Ball 2-0: Foul Ball, location: 2F 2-1: Swinging Strike 2-2: Strikes out swinging
|
Batting: RHB Lee Deason
|
0-0: Ball 1-0: Ground out U3 (Groundball, 34S, EV 84.4 MPH)
|
Batting: RHB Ioan Biros
|
0-0: Ground out 6-3 (Groundball, 6, EV 88.8 MPH)
|
Bottom of the 7th over - 0 runs, 0 hits, 0 errors, 0 left on base; Chicago (NYP) 2 - Aberdeen 0 |
TOP OF THE 8TH |
Chicago (NYP) White Sox batting - Pitching for Aberdeen Ironbirds : RHP Toshiyuki Funaki
|
Pitching: LHP Randy Adams
|
|
Batting: RHB Dusty Ballard
|
0-0: Ball 1-0: Foul Ball, location: 2F 1-1: Foul Ball, location: 2F 1-2: Strikes out swinging
|
Batting: LHB Brandon Hopper
|
0-0: Ball 1-0: Called Strike 1-1: Ball 2-1: Fly out, F7 (Flyball, 7, EV 96.3 MPH)
|
Batting: RHB Mitch Cuadros
|
0-0: Called Strike 0-1: Foul Ball, location: 2F 0-2: Ball 1-2: SOLO HOME RUN (Flyball, 7LD, EV 91.9 MPH), Distance : 349 ft
|
Batting: RHB Jesse Loomis
|
0-0: Ball 1-0: SINGLE (Groundball, 3S, EV 65.6 MPH) (infield hit)
|
Batting: RHB Daniel Underhay
|
0-0: Ball 1-0: SINGLE (Line Drive, 34D, EV 103.8 MPH) Jesse Loomis to second
|
Batting: SHB Jason Bresnahan
|
0-0: Ball 1-0: Foul Ball, location: 2F 1-1: Fielders Choice at 2nd, 5-4 (Groundball, 56, EV 88.1 MPH)
|
Top of the 8th over - 1 run, 3 hits, 0 errors, 2 left on base; Chicago (NYP) 3 - Aberdeen 0 |
BOTTOM OF THE 8TH |
Aberdeen Ironbirds batting - Pitching for Chicago (NYP) White Sox : LHP Wang Jing
|
Pitching: RHP Jose Vigil
|
|
Batting: LHB Rodolfo Montes
|
0-0: Ball 1-0: Called Strike 1-1: Fly out, F8 (Line Drive, 8RM, EV 97.5 MPH)
|
Batting: LHB Shane Free
|
0-0: Ball 1-0: Called Strike 1-1: Foul Ball, location: 2F 1-2: Strikes out looking
|
Pinch Hitting: SHB Jorge Brito
|
0-0: Ball 1-0: Called Strike 1-1: SOLO HOME RUN (Flyball, 9D, EV 101.9 MPH), Distance : 389 ft
|
Batting: LHB Tim Mulholland
|
0-0: Fly out, F9 (Flyball, 9LS, EV 86.3 MPH)
|
Bottom of the 8th over - 1 run, 1 hit, 0 errors, 0 left on base; Chicago (NYP) 3 - Aberdeen 1 |
TOP OF THE 9TH |
Chicago (NYP) White Sox batting - Pitching for Aberdeen Ironbirds : LHP Randy Adams
|
Pitching: LHP Randall Rennie
|
|
Now at 3B: Jorge Brito
|
|
Batting: RHB David Laureano
|
0-0: Foul Ball, location: 2F 0-1: SOLO HOME RUN (Line Drive, 7D, EV 104.4 MPH), Distance : 405 ft
|
Batting: RHB Jeremy Hoffert
|
0-0: Ball 1-0: Called Strike 1-1: Ball 2-1: Called Strike 2-2: Ball 3-2: Base on Balls
|
Batting: RHB Brad Boals
|
0-0: Ball 1-0: Ball 2-0: Foul Ball, location: 2F 2-1: Swinging Strike 2-2: Fielders Choice at 2nd, 3-6 (Groundball, 34S, EV 85.6 MPH)
|
Batting: RHB Dusty Ballard
|
0-0: Ball 1-0: Ball 2-0: Ball 3-0: Base on Balls Brad Boals to second
|
Pitching: LHP Chris Brown
|
|
Batting: LHB Brandon Hopper
|
0-0: TRIPLE (Line Drive, 8RXD, EV 110.0 MPH) Brad Boals scores Dusty Ballard scores
|
Batting: RHB Mitch Cuadros
|
0-0: Foul Ball, location: 2F 0-1: Ball 1-1: Fly out, F4 (Popup, 4S, EV 70.0 MPH)
|
Batting: RHB Jesse Loomis
|
0-0: Ball 1-0: DOUBLE (Line Drive, 78XD, EV 102.5 MPH) Brandon Hopper scores
|
Batting: RHB Daniel Underhay
|
0-0: Ball 1-0: Called Strike 1-1: Called Strike 1-2: SINGLE (Groundball, 4MD, EV 100.6 MPH) Jesse Loomis to third
|
Batting: SHB Jason Bresnahan
|
0-0: Called Strike 0-1: TRIPLE (Line Drive, 78XD, EV 105.0 MPH) Jesse Loomis scores Daniel Underhay scores
|
Batting: RHB David Laureano
|
0-0: Ball 1-0: Ball 2-0: Foul Ball, location: 2F 2-1: Ball 3-1: Foul Ball, location: 2F 3-2: Base on Balls
|
Pinch Hitting: RHB Kevin Larsen
|
0-0: Ball 1-0: Foul Ball, location: 2F 1-1: Fly out, F5 (Line Drive, 5, EV 73.1 MPH)
|
Top of the 9th over - 6 runs, 5 hits, 0 errors, 2 left on base; Chicago (NYP) 9 - Aberdeen 1 |
BOTTOM OF THE 9TH |
Aberdeen Ironbirds batting - Pitching for Chicago (NYP) White Sox : RHP Jose Vigil
|
Now in LF: Kevin Larsen
|
|
Batting: RHB Kiyuu del Castillo
|
0-0: Foul Ball, location: 2F 0-1: Swinging Strike 0-2: Fly out, F9 (Flyball, 9, EV 84.4 MPH)
|
Batting: LHB David Best
|
0-0: Ground out 6-3 (Groundball, 6, EV 80.6 MPH)
|
Batting: RHB Juan Estrada
|
0-0: Called Strike 0-1: SINGLE (Groundball, 6M, EV 95.0 MPH)
|
Pinch Hitting: SHB Tyler Myatt
|
0-0: Ball 1-0: Ball 2-0: Fielders Choice at 2nd, 6-4 (Groundball, 6, EV 79.4 MPH)
|
Bottom of the 9th over - 0 runs, 1 hit, 0 errors, 1 left on base; Chicago (NYP) 9 - Aberdeen 1 |
|